 Dungeon Crawl Stone Soup version 0.28.0 (webtiles) character file.

Game seed: 1506716721355654424

21 psuckher the Slasher (level 2, -2/25 HPs)
             Began as a Palentonga Berserker on Feb 15, 2022.
             Was a Follower of Trog.
             Slain by Sigmund (11 damage)
             ... on level 2 of the Dungeon.
             The game lasted 00:04:14 (653 turns).

psuckher the Slasher (Palentonga Berserker)          Turns: 653, Time: 00:04:15

Health: -2/25      AC:  0    Str: 20    XL:     2   Next: 62%
Magic:  2/2        EV: 14    Int:  7    God:    Trog [*.....]
Gold:   20         SH:  0    Dex:  9    Spells: 1/1 levels left

rFire   . . .      SeeInvis +   (weapon currently unavailable)
rCold   . . .      Faith    .   (shield currently unavailable)
rNeg    . . .      Spirit   .   (armour currently unavailable)
rPois   .          Reflect  .   (helmet currently unavailable)
rElec   .          Harm     .   (cloak currently unavailable)
rCorr   .          Rampage  .   (gloves currently unavailable)
Will    .....                   (no barding)
Stlth   +.........              (no amulet)
HPRegen 0.08/turn               (ring currently unavailable)
MPRegen 0.08/turn               (ring currently unavailable)

@: pig-form, very quick
A: fast, no casting, small, rugged brown scales 3, see invisible, (deformed
body), (roll 1), (armoured tail)
a: Renounce Religion, Berserk


You were on level 2 of the Dungeon.
You worshipped Trog.
Trog was aware of your devotion.
You were a filthy swine.
You visited 1 branch of the dungeon, and saw 2 of its levels.

You collected 20 gold pieces.

Inventory:

Hand Weapons
 a - a +0 falchion (melded)
 f - a +2 short sword of speed
Armour
 b - a +0 animal skin (melded)
Scrolls
 d - 2 scrolls of identify {unknown}
Potions
 c - a potion of cancellation {unknown}
 e - a potion of curing {unknown}
 g - a potion of might {unknown}
 h - a potion of mutation {unknown}


   Skills:
 + Level 3.3 Fighting
 + Level 3.3 Long Blades
 + Level 1.7 Armour
 + Level 1.8 Dodging


You had one spell level left.
You didn't know any spells.
Your spell library was empty.

Dungeon Overview and Level Annotations

Branches:
Dungeon (2/15)

Altars:

Annotations:
D:2 Jessica, Sigmund


Innate Abilities, Weirdness & Mutations

You are a filthy swine.
You move quickly.
Your equipment is almost entirely melded.
You are incapable of wielding weapons or throwing items.
You cannot cast spells.
(You are completely covered in rugged brown scales. (AC +3, +7% HP))
You have supernaturally acute eyesight. (SInv)
((Armour fits poorly on your strangely shaped body.))
((You can roll at nearby foes to attack.))
((You have a long armoured tail.))


Message History

You barely miss the jackal. The jackal bites you.
You barely miss the jackal. The jackal barely misses you. x2
You hit the jackal.
The jackal is heavily wounded.
The jackal misses you.
You slash the jackal!
You kill the jackal!
Trog accepts your kill.
You see here a jackal corpse.
A sourceless malevolence fills the Dungeon...
You fall into a shaft and drop 1 floor!
The shaft crumbles and collapses.
A hobgoblin comes into view.
Found 13 gold pieces.
The hobgoblin hits you.
You hit the hobgoblin.
The hobgoblin is almost dead.
The hobgoblin closely misses you.
You slash the hobgoblin!
You kill the hobgoblin!
Trog accepts your kill.
Found a stone staircase leading up.
Sigmund and Jessica come into view.
Sigmund is wielding a +1 scythe of venom and carrying a wand of polymorph (5).
Sigmund shouts!
Sigmund casts a spell at you. The puff of flame hits you!
Jessica barely misses you.
Sigmund zaps a wand.
You turn into a filthy swine.
Your +0 falchion melds into your body.
Your +0 animal skin melds into your body.
You hit Jessica.
Jessica is lightly wounded.
Jessica misses you. Sigmund closely misses you.
You hit Jessica.
Jessica is heavily wounded.
Jessica hits you with a +0 club.
You barely miss Jessica.
Jessica is heavily wounded.
Sigmund hits you from afar with a +1 scythe of venom!
You die...

### #...# #.#.# #.#.#
####.#.# .<.@..# #..@#
#####.$h############.#
...................^.#
#####............#####
.....##########.######.
##### #........
#########


You could see Sigmund and Jessica.

Vanquished Creatures
  A dart slug (D:1)
  A ball python (D:1)
  An endoplasm (D:1)
  A giant cockroach (D:1)
  3 hobgoblins
  4 jackals (D:1)
  2 bats (D:1)
  A frilled lizard (D:1)
  2 kobolds (D:1)
  A rat (D:1)
17 creatures vanquished.

Notes
Turn   | Place    | Note
-------+----------+-------------------------------------------
     0 | D:1      | psuckher the Palentonga Berserker began the quest for the
                  | Orb.
     0 | D:1      | Reached XP level 1. HP: 19/19 MP: 1/1
   299 | D:1      | Reached XP level 2. HP: 23/25 MP: 2/2
   627 | D:1      | You fall into a shaft and drop 1 floor!
   648 | D:2      | Noticed Sigmund
   648 | D:2      | Noticed Jessica
   653 | D:2      | Slain by Sigmund

Illustrated notes

Levels and vault maps discovered:
D:1:      matt_arrival_refuge, layout_basic, hangedman_decor_riveting,
          minmay_curled_crystal
D:2:      layout_loops_ring, uniq_sigmund, uniq_jessica

Action                   || total
-------------------------++-------
Melee: Falchion          ||    41
       Unarmed           ||     3
       Tailslap          ||     2
Armor: Animal skin       ||    13
Dodge: Dodged            ||    26
